 Dungeon Crawl Stone Soup version 0.18-a0-918-g58938db (webtiles) character file.

2677 Morbidden the Destroyer (level 9, -13/100 HPs)
             Began as a Purple Draconian Conjurer on Dec 27, 2015.
             Was a Follower of Ru.
             Mangled by a yak (16 damage)
             ... on level 7 of the Dungeon.
             The game lasted 00:36:43 (8375 turns).

Morbidden the Destroyer (Purple Draconian Conjurer) Turns: 8375, Time: 00:36:43

Health: -13/100    AC:  7    Str: 16 (20) XL:     9   Next: 37%
Magic:  2/20       EV: 17    Int: 16 (17) God:    Ru [*.....]
Gold:   354        SH:  0    Dex: 14 (16) Spells: 2 memorised, 18 levels left

rFire  . . .     SeeInvis .     u - +0 quarterstaff
rCold  . . .     Gourm    .     (armour unavailable)
rNeg   . . .     Faith    +     (shield currently unavailable)
rPois  .         Spirit   .     (helmet restricted)
rElec  .         Dismiss  .     (no cloak)
rCorr  .         Reflect  .     (no gloves)
SustAt .         Harm     .     (no boots)
MR     .....     Clarity  +     r - amulet of faith
Stlth  ..........               (no ring)
                                (no ring)

@: agile, berserking (expiring), very quick, not resistant to hostile
enchantments, extremely unstealthy
A: breathe power, unfitting armour, horns 1, camouflage 2, clarity,
deterioration 2, dopey 1, strong 2, cold-blooded, magic vulnerability 1, AC +7
a: Breathe Dispelling Energy, Renounce Religion


You were on level 7 of the Dungeon.
You worshipped Ru.
Ru was aware of your devotion.
You were not hungry.

You visited 1 branch of the dungeon, and saw 7 of its levels.

You collected 354 gold pieces.

Inventory:

Hand Weapons
 u - a +0 quarterstaff (weapon)
Jewellery
 k - an uncursed ring of ice
 r - an amulet of faith (around neck)
 s - an uncursed amulet of resist corrosion
 A - an uncursed ring of fire
Wands
 e - a wand of magic darts (11/48)
 p - a wand of digging (1/24)
 v - a wand of lightning (4/15)
 x - a wand of disintegration (0/24)
 D - a wand of flame (22/48)
Scrolls
 c - a scroll of magic mapping {unknown}
 d - 4 scrolls of teleportation
 g - 4 scrolls of amnesia
 h - 2 scrolls of random uselessness {unknown}
 j - a scroll of recharging {unknown}
 m - 4 scrolls of remove curse
 w - a scroll of fear {unknown}
 C - a scroll of blinking {unknown}
Potions
 f - a potion of curing
 l - 4 potions of agility
 t - 2 potions of brilliance
 z - 2 potions of cancellation
 E - a potion of berserk rage
Books
 a - a book of Conjurations

   Spells                             Type                      Level
   a - Magic Dart                     Conjuration                  1
   b - Searing Ray                    Conjuration                  2
   c - Dazzling Spray                 Conjuration/Hexes            3
   d - Fulminant Prism                Conjuration/Hexes            4
   e - Iskenderun's Mystic Blast      Conjuration                  4
   f - Iskenderun's Battlesphere      Conjuration/Charms           5
 y - a book of Unlife

   Spells                             Type                      Level
   a - Recall                         Summoning/Translocation      3
   b - Animate Dead                   Necromancy                   4
   c - Control Undead                 Necromancy                   4
   d - Cigotuvi's Embrace             Necromancy                   5
   e - Death Channel                  Necromancy                   6
   f - Simulacrum                     Ice/Necromancy               6
Comestibles
 b - 3 bread rations
 i - 3 meat rations
 n - 4 beef jerkies
 B - 7 fruits


   Skills:
 + Level 2.1 Fighting
 - Level 1.7 Dodging
 + Level 2.9 Stealth
 + Level 7.8 Spellcasting
 * Level 11.0 Conjurations


You had 18 spell levels left.
You knew the following spells:

 Your Spells              Type           Power        Failure   Level  Hunger
a - Magic Dart            Conj           ####         1%          1    None
b - Iskenderun's Mystic   Conj           #####...     1%          4    ####...


Dungeon Overview and Level Annotations

Branches:
Dungeon (7/15)             Temple (0/1) D:4

Altars:
Ashenzari
Dithmenos
Elyvilon
Gozag
Okawaru
Pakellas
Ru
Trog
The Shining One

Annotations:
D:6 Edmund
D:7 ZiggyStardust's ghost, novice OgIE


Innate Abilities, Weirdness & Mutations

You can breathe bolts of dispelling energy.
Your rich purple scales are hard (AC +7).
Your body does not fit into most forms of armour.
You are cold-blooded and may be slowed by cold attacks.
You are slightly vulnerable to magic.
You have a pair of small horns on your head.
Your skin blends seamlessly with your surroundings (Stealth).
You possess an exceptional clarity of mind.
Your body often deteriorates upon taking damage.
You are dopey. (Int -2)
Your muscles are very strong. (Str +4)


Message History

The yak is stunned by your will and fails to attack.
You sock the yak!
You kill the yak!
You sock the yak!
The yak is moderately wounded.
The yak barely misses you.
You bludgeon the yak!!
The yak is severely wounded.
The yak misses you.
You sock the yak! You headbutt the yak.
The yak is almost dead.
The yak gores you!
* * * LOW HITPOINT WARNING * * *
Your body deteriorates!
You feel weakened.
You closely miss the yak. Your headbutt misses the yak.
The yak is almost dead.
You barely miss the yak.
The yak is almost dead.
The yak gores you!
You die...

# #.# #.....#
#.##### #)#
####.##
#.†...####.######
.#
#####.............
####.....####.
##.o.## ##Y## #Y#
#@# #.# #.# #.#
#.# #.# #.. #..


You could see 2 yaks and an orc.

Vanquished Creatures
  Eustachio (D:6)
  2 yaks (D:7)
  3 sky beasts
  A water moccasin (D:7)
  A phantom (D:4)
  3 ogres
  A necrophage (D:5)
  A centaur (D:6)
  3 giant frogs
  3 electric eels (D:6)
  2 quasits
  2 jellies
  An orc priest (D:7)
  A centaur skeleton (D:5)
  7 hounds
  2 worker ants (D:6)
  3 iguanas
  6 orc wizards
  2 hound zombies
  Robin (D:3)
  10 adders
  12 gnolls
  A worker ant zombie (D:6)
  An adder skeleton (D:4)
  3 worms
  5 giant geckos
  19 orcs
  6 bats
  9 giant cockroaches
  20 goblins
  7 hobgoblins
  10 jackals
  5 quokkas
  A ball python (D:6)
  2 giant newts
  2 goblin zombies (D:6)
  A hobgoblin zombie (D:6)
  4 kobolds
  A kobold zombie (D:6)
  An orc skeleton (D:6)
  A quokka zombie (D:5)
  5 rats
172 creatures vanquished.

Vanquished Creatures (others)
  A crocodile (D:7)
1 creature vanquished.

Grand Total: 173 creatures vanquished

Notes
Turn   | Place    | Note
--------------------------------------------------------------
     0 | D:1      | Morbidden the Draconian Conjurer began the quest for the Orb.
     0 | D:1      | Reached XP level 1. HP: 14/14 MP: 3/3
   406 | D:1      | Reached XP level 2. HP: 12/20 MP: 5/5
   871 | D:2      | Gained mutation: You occasionally shout uncontrollably at your foes. [potion of mutation]
   871 | D:2      | Gained mutation: You are dopey. (Int -2) [potion of mutation]
   871 | D:2      | Lost mutation: You occasionally shout uncontrollably at your foes. [potion of mutation]
   875 | D:2      | Reached skill level 5 in Conjurations
   875 | D:2      | Reached XP level 3. HP: 26/26 MP: 0/6
   899 | D:2      | Gained mutation: You expend magic power (3 MP) to strengthen your wands. [potion of mutation]
   899 | D:2      | Gained mutation: You have an increased reservoir of magic (+10% MP). [potion of mutation]
   899 | D:2      | Gained mutation: Your skin changes colour to match your surroundings (Stealth). [potion of mutation]
   900 | D:2      | Lost mutation: You expend magic power (3 MP) to strengthen your wands. [potion of mutation]
   900 | D:2      | Gained mutation: You possess an exceptional clarity of mind. [potion of mutation]
   900 | D:2      | Gained mutation: You are weak. (Str -2) [potion of mutation]
   901 | D:2      | Lost mutation: You have an increased reservoir of magic (+10% MP). [potion of mutation]
  1547 | D:2      | Found a sacrificial altar of Ru.
  1557 | D:2      | Became a worshipper of Ru the Awakened
  1566 | D:2      | Reached XP level 4. HP: 33/33 MP: 2/7
  2170 | D:2      | Reached skill level 6 in Conjurations
  2482 | D:3      | Reached XP level 5. HP: 38/38 MP: 5/8
  2485 | D:3      | Noticed Robin
  3197 | D:3      | Killed Robin
  3444 | D:4      | Reached skill level 7 in Conjurations
  3452 | D:4      | Noticed an ogre
  3499 | D:4      | Killed an ogre
  3499 | D:4      | Reached XP level 6. HP: 45/45 MP: 2/10
  3653 | D:4      | Found a staircase to the Ecumenical Temple.
  3906 | D:4      | Found a shadowy altar of Dithmenos.
  3919 | D:4      | Your scales start taking on a rich purple colour.
  3919 | D:4      | Reached XP level 7. HP: 42/50 MP: 0/13
  4240 | D:5      | Entered Level 5 of the Dungeon
  4250 | D:5      | Reached skill level 8 in Conjurations
  4322 | D:5      | Learned a level 4 spell: Iskenderun's Mystic Blast
  4551 | D:5      | Gained mutation: Your body sometimes deteriorates upon taking damage. [mutagenic meat]
  4552 | D:5      | Gained mutation: Your skin blends seamlessly with your surroundings (Stealth). [mutagenic meat]
  4554 | D:5      | Lost mutation: You are weak. (Str -2) [mutagenic meat]
  4555 | D:5      | Gained mutation: Your muscles are strong. (Str +2) [mutagenic meat]
  4607 | D:5      | Reached skill level 5 in Spellcasting
  4930 | D:5      | Reached skill level 9 in Conjurations
  5033 | D:6      | Reached XP level 8. HP: 47/57 MP: 9/16
  5186 | D:6      | Found a glowing golden altar of the Shining One.
  5300 | D:6      | Found a shattered altar of Ashenzari.
  5437 | D:6      | Gained mutation: You are slightly vulnerable to magic. [Ru sacrifice]
  5437 | D:6      | Reached * piety under Ru
  5445 | D:6      | Gained mutation: Your muscles are very strong. (Str +4) [mutagenic meat]
  5448 | D:6      | Gained mutation: Your body often deteriorates upon taking damage. [mutagenic meat]
  5449 | D:6      | Gained mutation: You have a pair of small horns on your head. [mutagenic meat]
  5873 | D:6      | Noticed Edmund
  5876 | D:6      | Noticed Eustachio
  6400 | D:6      | Reached skill level 10 in Conjurations
  6471 | D:6      | Killed Eustachio
  6471 | D:6      | Reached skill level 1 in Fighting
  6761 | D:6      | Found a white marble altar of Elyvilon.
  6859 | D:6      | Found an iron altar of Okawaru.
  6891 | D:6      | Found an opulent altar of Gozag.
  7224 | D:7      | Found a bloodstained altar of Trog.
  7268 | D:7      | Reached XP level 9. HP: 26/64 MP: 0/19
  7540 | D:7      | Found an oddly glowing altar of Pakellas.
  7948 | D:7      | Noticed ZiggyStardust's ghost (novice OgIE)
  8349 | D:7      | Reached skill level 11 in Conjurations
  8373 | D:7      | HP: 3/100 [yak (16)]
  8375 | D:7      | Mangled by a yak

Vault maps used:
D:1:      minmay_arrival_radiant_lines
D:2:      lemuel_doored_altar, first_bread, kennysheep_decorative_pillar
D:3:      uniq_robin
D:4:      grunt_dithmenos_shadows, minmay_temple_entry_steel_oval
D:5:      roderic_serpentine_path, minmay_ogre_servants
D:6:      nicolae_tso_besieged_by_evil, gammafunk_temple_overflow_pools,
          elyvilon_altar_1, ashenzari_altar_1, serial_bayou,
          serial_bayou_lagoon_a, serial_bayou_crossing, serial_bayou_pond_c,
          serial_bayou_ford_a, serial_bayou_pond_c, serial_bayou_shore_a,
          uniq_edmund, uniq_eustachio
D:7:      statuecave_lemuel, johnstein_pakellas_dig, bloody_trog, serial_shops,
          shop

Action                   |  1- 3 |  4- 6 |  7- 9 || total
-------------------------+-------+-------+-------++-------
Melee: Unarmed           |    73 |    27 |       ||   100
       Quarterstaff      |       |    26 |   176 ||   202
       Flail             |       |    10 |       ||    10
 Cast: Magic Dart        |    67 |   142 |   196 ||   405
       Iskenderun's Myst |       |       |    51 ||    51
Invok: Reject Sacrifices |       |     1 |       ||     1
       Sacrifice Essence |       |       |     1 ||     1
 Abil: Breathe Dispellin |       |       |     9 ||     9
Evoke: Wand              |       |       |     4 ||     4
  Use: Potion            |     6 |       |     5 ||    11
       Scroll            |       |     5 |    11 ||    16
 Stab: Sleeping          |       |     2 |     3 ||     5
  Eat: Chunk             |     3 |    10 |    29 ||    42
       Pizza             |       |       |     2 ||     2
       Royal jelly       |       |       |     1 ||     1
